 Dungeon Crawl Stone Soup version 0.26-a0-1164-g1a551d6a14 (webtiles) character file.

Game seed: 13456448816331034305

2419 voltaire321 the Insei (level 9, -3/60 HPs)
             Began as an Octopode Transmuter on Dec 24, 2020.
             Slain by a two-headed ogre
             ... wielding a +0 giant club
              (23 damage)
             ... on level 7 of the Dungeon.
             The game lasted 00:23:48 (5847 turns).

voltaire321 the Insei (Octopode Transmuter)         Turns: 5847, Time: 00:23:49

Health: -3/60      AC:  1    Str: 10    XL:     9   Next: 48%
Magic:  24/24      EV: 20    Int: 15    God:
Gold:   387        SH:  0    Dex: 15    Spells: 7/17 levels left

rFire    . . .     SeeInvis .     - Unarmed
rCold    . . .     Faith    .   (no shield)
rNeg     . . .     Spirit   .   (helmet restricted)
rPois    .         Reflect  .   b - amulet of regeneration
rElec    .         Harm     .   e - ring of resist corrosion
rCorr    +         Rampage  .   o - ring of wizardry
Will     .....                  s - +4 ring of evasion
Stlth    ++........             (no ring)
HPRegen  0.60/turn              z - ring of magical power
MPRegen  0.19/turn              (no ring)
                                (no ring)
                                (no ring)

@: no status effects
A: almost no armour, stealthy swim, amphibious, 8 rings, constrict 8, camouflage
1, gelatinous body 1
a: no special abilities


You were on level 7 of the Dungeon.
You visited 1 branch of the dungeon, and saw 7 of its levels.

You collected 387 gold pieces.

Inventory:

Missiles
 h - 8 curare-tipped darts
 k - 58 poisoned darts (quivered)
 v - 6 atropa-tipped darts
Jewellery
 b - an amulet of regeneration (around mantle)
 e - a ring of resist corrosion (left tentacle)
 m - an uncursed amulet of reflection {unknown}
 o - a ring of wizardry (right tentacle)
 s - a +4 ring of evasion (on tentacle)
 y - an uncursed ring of ice
 z - a ring of magical power (on tentacle)
Wands
 t - a wand of flame (24)
 u - a wand of enslavement (11)
Scrolls
 c - 4 scrolls of identify
 g - 3 scrolls of remove curse
 i - a scroll of fear
 l - a scroll of enchant armour
 n - 2 scrolls of magic mapping {unknown}
 q - 2 scrolls of enchant weapon {unknown}
 r - a scroll of immolation
 w - a scroll of fog
 A - a scroll of teleportation {unknown}
 C - a scroll of amnesia {unknown}
Potions
 a - 3 potions of brilliance
 d - 4 potions of heal wounds
 f - 3 potions of cancellation
 j - a potion of haste {unknown}
 p - 2 potions of lignification {unknown}
 x - a potion of curing {unknown}
 B - a potion of flight {unknown}


   Skills:
 + Level 4.8 Fighting
 + Level 5.1 Dodging
 + Level 5.6 Unarmed Combat
 + Level 4.5 Spellcasting
 + Level 5.1 Transmutations
 + Level 4.4 Ice Magic
 - Level 5.0 Poison Magic


You had 7 spell levels left.
You knew the following spells:

 Your Spells              Type           Power        Failure   Level
a - Beastly Appendage     Tmut           36%          1%          1
b - Wereblood             Tmut           18%          1%          2
c - Spider Form           Tmut/Pois      9%           2%          3
d - Ice Form              Ice/Tmut       17%          10%         4

Your spell library contained the following spells:

 Spells                   Type           Power        Failure   Level
 Shock                    Conj/Air       12%          7%          1
 Swiftness                Air            3%           11%         2
 Static Discharge         Conj/Air       3%           21%         3
 Blade Hands              Tmut           9%           22%         5
 Airstrike                Air            1%           52%         4
 Lightning Bolt           Conj/Air       1%           86%         5


Dungeon Overview and Level Annotations

Branches:
Dungeon (7/15)
 Temple: D:4-7

Altars:
Dithmenos
Kikubaaqudgha
Okawaru
Ru

Shops:
D:6 }

Annotations:
D:6 2 runed translucent doors, HilariousDeathArtist's ghost, novice HuWn


Innate Abilities, Weirdness & Mutations

You cannot wear most types of armour.
You are very stealthy in the water. (Stealth+)
You are amphibious.
You can wear up to eight rings at the same time.
You can use your tentacles to constrict eight enemies at once.
Your skin changes colour to match your surroundings (Stealth+).
Your rubbery body absorbs attacks. (AC +1, EV +1)


Message History

The two-headed ogre is heavily wounded.
The two-headed ogre barely misses you. x2
You hit the two-headed ogre.
The two-headed ogre looks as sick as possible!
The two-headed ogre is heavily wounded.
You hit the two-headed ogre.
The two-headed ogre is severely wounded.
The two-headed ogre completely misses you.
The two-headed ogre hits you with a +0 giant club!
You hit the two-headed ogre but do no damage.
The two-headed ogre looks as sick as possible!
The two-headed ogre is severely wounded.
The two-headed ogre hits you with a +0 giant club.
The two-headed ogre hits you with a +0 giant club!!
You hit the two-headed ogre but do no damage.
The two-headed ogre looks as sick as possible!
The two-headed ogre is severely wounded.
Your transformation has ended.
The two-headed ogre hits you with a +0 giant club!!
You die...

### #.!.^...... ...#
#..........
....##.........)
................
#.#................
#.#...?.....†......
...#####.......#..
##.#####O.#.#.##
#......@#.<..... #
#.......####..### ##.
..###.........>.....
..##............###..###
...####...............
#.# #.......####....
#..###...............
###..#............... #
#..................#
.#..


You could see a two-headed ogre (extremely poisoned).

Vanquished Creatures
  Eustachio (D:4)
  A water moccasin (D:6)
  A black bear (D:7)
  2 phantoms
  3 sky beasts
  2 ogres (D:6)
  3 centaurs (D:5)
  2 scorpions
  10 wights (D:6)
  6 howler monkeys
  2 hounds (D:5)
  3 orc wizards
  An orc priest (D:6)
  A bullfrog skeleton (D:7)
  2 iguanas
  9 adders
  4 gnolls
  2 white imps (D:5)
  An ufetubus (D:5)
  2 oozes
  2 adder skeletons (D:4)
  3 dart slugs (D:1)
  3 worms
  5 leopard geckos
  17 orcs
  A bat zombie (D:2)
  4 giant cockroaches
  2 goblins
  3 hobgoblins (D:2)
  7 jackals
  6 kobolds
  A quokka (D:7)
  A ball python (D:6)
  3 bats
  2 frilled lizards (D:3)
  7 rats
  A rat zombie (D:2)
126 creatures vanquished.

Notes
Turn   | Place    | Note
-------+----------+-------------------------------------------
     0 | D:1      | voltaire321 the Octopode Transmuter began the quest for the
                  | Orb.
     0 | D:1      | Reached XP level 1. HP: 13/13 MP: 3/3
   168 | D:1      | Reached XP level 2. HP: 18/18 MP: 3/5
   494 | D:1      | Reached XP level 3. HP: 14/23 MP: 4/6
   731 | D:1      | Learned a level 2 spell: Wereblood
   735 | D:1      | Learned a level 3 spell: Spider Form
  1148 | D:2      | Reached skill level 1 in Poison Magic
  1148 | D:2      | Reached XP level 4. HP: 14/29 MP: 3/7
  1527 | D:2      | Reached XP level 5. HP: 29/34 MP: 6/8
  1940 | D:2      | Found a sacrificial altar of Ru.
  1996 | D:2      | Found an ancient bone altar of Kikubaaqudgha.
  3078 | D:4      | Noticed Eustachio
  3083 | D:4      | Reached XP level 6. HP: 41/41 MP: 6/10
  3099 | D:4      | Killed Eustachio
  3341 | D:4      | Noticed a phantom
  3360 | D:4      | Killed a phantom
  3361 | D:4      | Reached XP level 7. HP: 41/45 MP: 9/11
  3372 | D:4      | Learned a level 4 spell: Ice Form
  3690 | D:5      | Entered Level 5 of the Dungeon
  3798 | D:5      | Reached skill level 1 in Ice Magic
  4219 | D:5      | Reached XP level 8. HP: 50/52 MP: 8/12
  4695 | D:6      | Found a large runed translucent door.
  4695 | D:6      | Found a large runed translucent door.
  4696 | D:6      | Noticed HilariousDeathArtist's ghost (novice HuWn)
  5084 | D:6      | Reached skill level 5 in Unarmed Combat
  5084 | D:6      | Reached skill level 5 in Poison Magic
  5341 | D:6      | Reached XP level 9. HP: 55/58 MP: 15/15
  5422 | D:6      | Found a shadowy altar of Dithmenos.
  5569 | D:6      | Found Herghucui's Gadget Emporium.
  5721 | D:7      | Found an iron altar of Okawaru.
  5754 | D:7      | Reached skill level 5 in Transmutations
  5786 | D:7      | Reached skill level 5 in Dodging
  5825 | D:7      | Noticed a two-headed ogre
  5847 | D:7      | Slain by a two-headed ogre

Illustrated notes

Levels and vault maps discovered:
D:1:      co_arrival_square_in_a_square_in_a_square, layout_basic
D:2:      layout_rooms, lemuel_zombie_altar_kikubaaqudgha,
          nicolae_ru_path_of_blood, minmay_heptomino_h4
D:3:      layout_loops_ring
D:4:      layout_gridville, uniq_eustachio
D:5:      layout_basic
D:6:      layout_basic, marbit_many_paths, ebering_ghost_disaster_area,
          serial_shops, shop
D:7:      layout_rooms, lemuel_round_altar, general_overflow_altar,
          minmay_temple_entry_proselytizer

Skill      XL: |  1  2  3  4  5  6  7  8  9 |
---------------+----------------------------+-----
Poison Magic   | 1 2 4 5 |  5.0
Fighting       | 2 3 4 |  4.8
Dodging        | 3 4 5 |  5.1
Unarmed Combat | 4 5 |  5.6
Spellcasting   | 3 4 |  4.5
Transmutations | 3 4 5 |  5.1
Ice Magic      | 2 3 4 |  4.4

Action                   |  1- 3 |  4- 6 |  7- 9 || total
-------------------------+-------+-------+-------++-------
Melee: Unarmed           |    49 |   113 |   220 ||   382
       Constrict         |    17 |    25 |    26 ||    68
       Kick              |    15 |    27 |    29 ||    71
       Tentacles         |     8 |    14 |    19 ||    41
       Punch             |       |     2 |     1 ||     3
Throw: Dart              |       |       |     3 ||     3
 Cast: Beastly Appendage |    17 |    23 |    13 ||    53
       Wereblood         |       |     4 |     3 ||     7
       Spider Form       |       |     4 |    14 ||    18
  Use: Scroll            |       |     7 |     4 ||    11
 Stab: Sleeping          |     6 |     5 |     1 ||    12
Armor: Skin              |     1 |     4 |     2 ||     7
Dodge: Dodged            |    34 |    83 |   176 ||   293

Table legend: (Time is in decaauts)
 A = Elapsed time spent in this place.
 B = Non-inter-level travel time spent in this place.
 C = Inter-level travel time spent in this place.
 D = Time resting spent in this place.
 E = Time spent auto-exploring this place.
 F = Levels seen in this place.
 G = Mean time per level.
                   A        B        C        D        E       F      G
               +--------+--------+--------+--------+--------+-----+--------+
         Total |   5824 |   5791 |     33 |   1472 |   2776 |   7 |  832.0 |
       Dungeon |   5824 |   5791 |     33 |   1472 |   2776 |   7 |  832.0 |
               +--------+--------+--------+--------+--------+-----+--------+

Top non-repeatable levels by time:
     D:2: 1303 daAuts
     D:5: 1083 daAuts
     D:3: 860 daAuts
     D:6: 845 daAuts
     D:1: 785 daAuts
     D:4: 728 daAuts
     D:7: 217 daAuts
